 Dungeon Crawl Stone Soup version 0.28-a0-422-gd71735cc25 (webtiles) character file.

Game seed: 13838113298032143107

37750 Zenkrye the Fighter (level 13, -26/115 HPs)
             Began as a Palentonga Abyssal Knight on Sept 8, 2021.
             Was the Champion of Lugonu.
             Annihilated by Azrael (27 damage)
             ... on level 2 of the Orcish Mines.
             The game lasted 00:54:59 (22517 turns).

Zenkrye the Fighter (Palentonga Abyssal Knight)    Turns: 22517, Time: 00:55:00

Health: -26/115    AC: 27    Str: 17    XL:     13   Next: 60%
Magic:  21/29      EV:  6    Int: 12    God:    Lugonu [******]
Gold:   1229       SH:  6    Dex: 16    Spells: 12/12 levels left

rFire   . . .      SeeInvis +   m - +3 broad axe (distort)
rCold   . . .      Faith    .   L - +1 buckler of Dim Light {MP+9 Str-2 Dex+4}
rNeg    . . .      Spirit   .   g - +0 chain mail
rPois   +          Reflect  .   f - +0 helmet
rElec   .          Harm     .   s - +2 cloak {rPois}
rCorr   .          Rampage  .   u - +0 pair of gloves
Will    +....                   (no barding)
Stlth   ..........              H - amulet of the acrobat
HPRegen 0.29/turn               p - +4 ring of protection
MPRegen 0.21/turn               t - ring of willpower

@: curled up
A: large, rugged brown scales 3, see invisible, deformed body, roll 1, armoured
tail, reflexive curl
a: Rolling Charge, Renounce Religion, Depart the Abyss, Bend Space, Banish,
Corrupt, Enter the Abyss


You were on level 2 of the Orcish Mines.
You worshipped Lugonu.
Lugonu was exalted by your worship.
You visited 3 branches of the dungeon, and saw 18 of its levels.
You visited the Abyss 1 time.

You collected 1229 gold pieces.

Inventory:

Hand Weapons
 m - a +3 broad axe of distortion (weapon)
 z - a +3 fustibalus
 G - the +8 lance "Wyrmbane" {slay drac, rPois rF+ rC+ AC+3}
   (You found it on level 9 of the Dungeon)

   It inflicts extra damage against dragons and draconians.
   AC:        It affects your AC (+3).
   rF:        It protects you from fire.
   rC:        It protects you from cold.
   rPois:     It protects you from poison.
Missiles
 b - 62 sling bullets
 d - 319 stones
 k - 3 throwing nets {!f}
 o - a curare-tipped dart
 D - 4 boomerangs of dispersal
 Q - 6 boomerangs
 X - 7 javelins (quivered)
Armour
 f - a +0 helmet (worn)
 g - a +0 chain mail (worn)
 q - a +1 leather armour of poison resistance
 s - a +2 cloak of poison resistance (worn)
 u - a +0 pair of gloves (worn)
 L - the +1 buckler of Dim Light (worn) {MP+9 Str-2 Dex+4}
   (You found it on level 7 of the Dungeon)

   Str:       It affects your strength (-2).
   Dex:       It affects your dexterity (+4).
   MP:        It affects your magic capacity (+9).
Jewellery
 c - a ring of protection from cold
 p - a +4 ring of protection (left hand)
 r - a ring of resist corrosion
 t - a ring of willpower (right hand)
 w - a ring of wizardry
 H - an amulet of the acrobat (around neck)
 O - a +6 ring of strength
 P - a +4 ring of protection
 S - a ring of ice
 V - a ring of flight
Wands
 e - a wand of paralysis (9)
 v - a wand of acid (16) {@v2}
 A - a wand of digging (7) {@v1}
 F - a wand of mindburst (56)
 I - a wand of flame (34)
 J - a wand of charming (22)
 N - a wand of iceblast (9) {@v4}
Scrolls
 i - 2 scrolls of identify {@r1}
 y - a scroll of amnesia
 B - 2 scrolls of fear
 E - a scroll of fog
 M - a scroll of summoning
 U - 2 scrolls of teleportation {@r3}
 W - a scroll of enchant armour
Potions
 a - 4 potions of flight
 h - 4 potions of curing {@q1}
 j - 3 potions of mutation
 l - 4 potions of brilliance
 x - a potion of invisibility
 K - 2 potions of ambrosia
 R - 2 potions of might {@q4}
 T - 3 potions of haste {@q3}
 Y - a potion of lignification


   Skills:
 + Level 12.0 Fighting
 - Level 11.4(12.9) Axes
 + Level 9.7(11.6) Polearms
 + Level 8.0 Armour
 + Level 2.5 Dodging
 + Level 2.4 Shields
 - Level 10.0 Invocations
 - Level 3.0 Evocations


You had 12 spell levels left.
You didn't know any spells.
Your spell library contained the following spells:

 Spells                   Type           Power      Damage    Failure   Level
 Summon Small Mammal      Summ           0%         N/A       98%         1
 Static Discharge         Conj/Air       0%         N/A       99%         2
 Sublimation of Blood     Necr           0%         N/A       99%         2
 Wereblood                Tmut           0%         N/A       99%         2
 Call Canine Familiar     Summ           0%         N/A       100%        3
 Summon Guardian Golem    Hex/Summ       0%         N/A       100%        3
 Tukima's Dance           Hex            0%         N/A       100%        3
 Animate Dead             Necr           0%         N/A       100%        4
 Dispel Undead            Necr           0%         3d6       100%        4
 Passage of Golubria      Tloc           N/A        N/A       100%        4
 Sticky Flame             Conj/Fire      0%         2d3       100%        4
 Yara's Violent Unravell  Hex/Tmut       0%         3d3       100%        5
 Haunt                    Necr/Summ      0%         N/A       100%        7
 Summon Hydra             Summ           0%         N/A       100%        7
 Infestation              Necr           0%         N/A       100%        8


Dungeon Overview and Level Annotations

Branches:
Dungeon (11/15)            Temple (0/1) D:5            Lair (5/6) D:8
 Shoals (0/4) Lair:2        Snake (0/4) Lair:4          Orc (2/2) D:11
  Slime: Lair:5-6       Elf: Orc:2

Altars:
Elyvilon
Gozag
Kikubaaqudgha
Makhleb
Nemelex Xobeh
Trog
Vehumet
Xom
Zin
Beogh

Shops:
D:9 :

Portals:
Trove: D:11 (give horn of Geryon)

Annotations:
D:4 1 runed translucent door, Crazy Yiuf
D:9 2 runed translucent doors
Orc:2 Azrael
Abyss:1 Pikel


Innate Abilities, Weirdness & Mutations

You are completely covered in rugged brown scales. (AC +3, +7% HP)
You have supernaturally acute eyesight. (SInv)
Armour fits poorly on your strangely shaped body.
You can roll at nearby foes to attack.
You have a long armoured tail.
You curl defensively after being hit.


Message History

You slash Azrael!
Space bends around Azrael.
You tail-slap Azrael, but do no damage.
Azrael is lightly wounded.
You barely miss the fire elemental. You barely miss the hell hound.
The fire elemental hits you. The fire elemental burns you!
The hell hound bites you but does no damage.
The fire elemental hits you. The fire elemental burns you!
Azrael drinks a potion.
Azrael seems to grow stronger.
You are too injured to fight recklessly!
You are too injured to fight recklessly!
You are too injured to fight recklessly!
You are too injured to fight recklessly!
You hit Azrael.
Space bends around Azrael.
You tail-slap Azrael, but do no damage.
Azrael is moderately wounded.
You completely miss the hell hound. You barely miss the fire elemental.
The hell hound bites you but does no damage.
The hell hound bites you. The fire elemental hits you.
The fire elemental burns you!
Azrael hits you with a +3 scimitar of flaming!!
* * * LOW HITPOINT WARNING * * *
Azrael burns you.
* * * LOW HITPOINT WARNING * * *
Press: ? - help, Shift-Dir - straight line, f - Azrael
Aim: Azrael, wielding a +3 scimitar of flaming (moderately wounded, strong, chance to affect: 74%) Azrael struggles to resist.
The hell hound bites you but does no damage.
The hell hound breathes flames at you.
The blast of flame hits the hell hound.
The hell hound completely resists.
The blast of flame hits you!!
* * * LOW HITPOINT WARNING * * *
The fire elemental barely misses you. You block Azrael's attack.
Press: ? - help, Shift-Dir - straight line, f/p - Azrael
Aim: Azrael, wielding a +3 scimitar of flaming (moderately wounded, strong, chance to affect: 74%) Azrael struggles to resist.
The hell hound bites you but does no damage.
The fire elemental barely misses you.
The hell hound bites you but does no damage. x2
Azrael hits you with a +3 scimitar of flaming!!
You die...

#....)...○#...o..E##
.#.............°°...○○h..
...#...........°.#o.○ERh.<
...............#.##.○#.○#..
.................##......°..
......#...........##..#.##.#
#....$.......°.....#########
.#....#...hhE°....#
...........@R......
..........$#..#....
...................
....................
....................
....................
........[[..........
........)<[[........
........)[[.........


You could see Azrael (strong), a fire elemental and 2 hell hounds.

Vanquished Creatures
  5 hydras
  2 death yaks (Lair:3)
  A necromancer (Lair:2)
  A cyclops (D:11)
  16 elephants
  Maurice (D:8)
  3 black mambas
  9 cane toads
  2 torpor snails
  A komodo dragon (Lair:4)
  A rime drake (Lair:3)
  3 trolls
  4 polar bears
  15 blink frogs
  Prince Ribbit (D:8)
  A centaur simulacrum (D:11)
  A water elemental (D:11)
  A wraith (D:8)
  2 shadows
  2 fire elementals
  43 yaks
  2 basilisks (Lair:2)
  A steam dragon (D:8)
  A warg (Orc:1)
  2 nagas (Lair:4)
  An acid dragon (D:11)
  2 water moccasins
  2 hell hounds (Orc:1)
  An ice beast (D:5)
  8 orc warriors
  A black bear (Lair:3)
  5 ogres
  15 wolves
  5 centaurs
  A phantom (D:11)
  A kobold brigand (D:9)
  6 bullfrogs
  A scorpion (D:5)
  A gnoll sergeant (D:11)
  3 troll zombies (D:11)
  13 killer bees
  8 wights
  3 electric eels (D:11)
  2 howler monkeys (D:8)
  2 centaur zombies
  4 crimson imps (D:5)
  A bullfrog zombie (D:6)
  A hound (D:5)
  9 orc priests
  3 centaur skeletons
  2 gnoll shamans
  An iguana (D:5)
  12 orc wizards
  2 yak simulacra (Lair:2)
  4 hell rats (Lair:2)
  2 polar bear simulacra (Lair:2)
  3 wolf simulacra (Lair:2)
  5 ogre zombies (D:11)
  2 hound skeletons
  19 gnolls
  6 adders
  A shadow imp (D:5)
  A white imp (D:5)
  An adder skeleton (D:3)
  3 worms (D:9)
  3 dart slugs
  The ghost of willcat the Sneak, a weakling DEDe of Sif Muna (D:5)
  43 orcs
  5 ball pythons
  8 endoplasms
  3 giant cockroaches
  12 goblins
  13 hobgoblins
  8 quokkas
  11 bats
  7 frilled lizards
  4 goblin skeletons (D:11)
  A goblin zombie (D:11)
  A hobgoblin skeleton (D:11)
  A hobgoblin zombie (D:11)
  10 kobolds
  3 orc skeletons (D:11)
  15 orc zombies (D:11)
  7 rats
  4 river rat simulacra (Lair:2)
444 creatures vanquished.

Vanquished Creatures (collateral kills)
  The ghost of lmSkywalker the Protected, a novice DDFi of Makhleb (D:8)
  An orc warrior (Orc:1)
  3 orcs (Orc:1)
5 creatures vanquished.

Vanquished Creatures (others)
  An orc priest (Orc:2)
  40 fungi
  34 plants
75 creatures vanquished.

Grand Total: 524 creatures vanquished

Notes
Turn   | Place    | Note
-------+----------+-------------------------------------------
     0 | Abyss:1  | Zenkrye the Palentonga Abyssal Knight began the quest for
                  | the Orb.
     0 | Abyss:1  | Reached XP level 1. HP: 19/19 MP: 2/2
    37 | Abyss:1  | Noticed a spriggan defender zombie
    37 | Abyss:1  | Noticed an ancient zyme
    38 | D:1      | Escaped the Abyss
   110 | D:1      | Reached * piety under Lugonu
   116 | D:1      | Reached XP level 2. HP: 25/25 MP: 3/3
   508 | D:1      | Reached XP level 3. HP: 31/31 MP: 5/5
   535 | D:1      | Found a faded altar of an unknown god.
   833 | D:2      | Reached ** piety under Lugonu
  1151 | D:2      | Reached XP level 4. HP: 18/37 MP: 6/6
  1920 | D:3      | Reached *** piety under Lugonu
  1964 | D:3      | Found a sparkling altar of Nemelex Xobeh.
  2050 | D:4      | Reached XP level 5. HP: 43/43 MP: 8/8
  2686 | D:4      | Found an opulent altar of Gozag.
  2696 | D:4      | Reached XP level 6. HP: 12/50 MP: 9/9
  2995 | D:4      | Reached skill level 5 in Axes
  3026 | D:4      | Reached skill level 5 in Invocations
  3232 | D:5      | Entered Level 5 of the Dungeon
  3583 | D:4      | Noticed Pikel
  3584 | D:4      | Banished Pikel
  3585 | D:4      | Gained mutation: You curl defensively after being hit.
                  | [Palentonga growth]
  3585 | D:4      | Reached XP level 7. HP: 55/55 MP: 5/11
  3720 | D:4      | Found a runed translucent door.
  3721 | D:4      | Noticed Crazy Yiuf
  4079 | D:5      | Reached XP level 8. HP: 32/62 MP: 12/12
  4894 | D:5      | Found a staircase to the Ecumenical Temple.
  5017 | D:5      | Found an ancient bone altar of Kikubaaqudgha.
  5091 | D:5      | Found a runed translucent door.
  5092 | D:5      | Noticed willcat's ghost (weakling DEDe)
  5170 | D:5      | Found a shimmering altar of Xom.
  5369 | D:5      | Reached XP level 9. HP: 42/68 MP: 14/14
  5609 | D:5      | Killed willcat's ghost
  7133 | D:7      | Reached skill level 4 in Fighting
  7150 | D:7      | Reached **** piety under Lugonu
  7818 | D:7      | Found a transporter.
  7822 | D:7      | Found a transporter.
  7824 | D:7      | Noticed a troll
  7840 | D:7      | Identified the +2 leather armour of Qioh {Harm rN+ rCorr
                  | Int+6 Slay-2}
  8038 | D:8      | Noticed Prince Ribbit
  8038 | D:8      | Noticed a green ugly thing
  8055 | D:7      | Banished a green ugly thing
  8056 | D:7      | Reached skill level 10 in Axes
  8263 | D:8      | Found a radiant altar of Vehumet.
  8372 | D:8      | Noticed Maurice
  8405 | D:8      | Killed Maurice
  8613 | D:8      | Reached skill level 5 in Fighting
  8906 | D:8      | Killed Prince Ribbit
  9024 | D:8      | Found a runed translucent gate.
  9024 | D:8      | Found a runed translucent gate.
  9035 | D:8      | Reached XP level 10. HP: 79/79 MP: 16/16
  9374 | D:8      | Found a runed translucent gate.
  9375 | D:8      | Noticed lmSkywalker's ghost (novice DDFi)
  9436 | D:8      | Found a staircase to the Lair.
  9550 | D:8      | Killed lmSkywalker's ghost
 10359 | D:9      | Noticed a two-headed ogre
 10361 | D:9      | Banished a two-headed ogre
 10638 | D:9      | Found Fixumpex's Book Boutique.
 10656 | D:9      | Found a large runed translucent door.
 10656 | D:9      | Found a large runed translucent door.
 11073 | D:9      | Noticed a moth of wrath
 11077 | D:9      | Found a bloodstained altar of Trog.
 11077 | D:9      | Found the +8 lance "Wyrmbane" {slay drac, rPois rF+ rC+
                  | AC+3}
 11129 | D:9      | Identified the +1 dagger of the Hated {pain, rN+}
 11224 | D:10     | Entered Level 10 of the Dungeon
 11356 | D:10     | Reached skill level 6 in Fighting
 11366 | D:10     | Reached skill level 1 in Polearms
 11395 | D:10     | Reached skill level 5 in Armour
 11469 | D:10     | Found a white marble altar of Elyvilon.
 11704 | D:10     | Found a burning altar of Makhleb.
 11704 | D:10     | Noticed a green death
 11776 | D:10     | Reached skill level 10 in Invocations
 11776 | D:10     | Reached XP level 11. HP: 86/88 MP: 18/18
 11864 | D:10     | Found a glowing silver altar of Zin.
 11889 | D:11     | Noticed a six-headed hydra
 11964 | Lair:1   | Entered Level 1 of the Lair of Beasts
 11977 | Lair:1   | Reached skill level 7 in Fighting
 12839 | Lair:1   | Identified the +1 ring mail of Catatonia {rPois Int+2}
 13322 | Lair:2   | Found a staircase to the Shoals.
 13466 | Lair:2   | Noticed a four-headed hydra
 13664 | Lair:1   | Reached skill level 8 in Fighting
 13878 | Lair:2   | Reached skill level 1 in Evocations
 13891 | Lair:2   | Reached skill level 5 in Polearms
 14452 | Lair:2   | Reached skill level 9 in Fighting
 15044 | Lair:2   | Killed a four-headed hydra
 15245 | Lair:2   | Reached XP level 12. HP: 98/102 MP: 19/19
 15494 | Lair:3   | Noticed a death yak
 15494 | Lair:3   | Noticed a death yak
 15494 | Lair:3   | Noticed a death yak
 15494 | Lair:3   | Noticed a death yak
 15494 | Lair:3   | Noticed a death yak
 16340 | Lair:3   | Reached skill level 10 in Fighting
 17004 | Lair:4   | Noticed a death yak
 17023 | Lair:4   | Noticed a death yak
 17034 | Lair:3   | Killed a death yak
 17065 | Lair:3   | Killed a death yak
 17351 | Lair:4   | Reached ***** piety under Lugonu
 17601 | Lair:4   | Reached skill level 11 in Fighting
 17752 | Lair:4   | Noticed a five-headed hydra
 17761 | Lair:4   | Killed a five-headed hydra
 18006 | Lair:4   | Noticed a seven-headed hydra
 18041 | Lair:4   | Reached XP level 13. HP: 86/113 MP: 20/20
 18631 | Lair:4   | Found a staircase to the Snake Pit.
 19544 | D:7      | Identified the +1 buckler of Dim Light {MP+9 Str-2 Dex+4}
 19641 | D:11     | Reached skill level 1 in Dodging
 19870 | D:11     | Reached skill level 1 in Shields
 19911 | D:11     | Found a staircase to the Orcish Mines.
 20230 | D:11     | Reached ****** piety under Lugonu
 20854 | D:11     | Found a portal to a secret trove of treasure.
 21409 | Orc:1    | Entered Level 1 of the Orcish Mines
 21737 | Orc:2    | Entered Level 2 of the Orcish Mines
 21749 | Orc:2    | Noticed Azrael
 22243 | Orc:1    | Identified a +2 broad axe of distortion (a +0 broad axe
                  | corrupted by Lugonu)
 22243 | Orc:1    | Received a gift from Lugonu
 22511 | Orc:2    | Reached skill level 12 in Fighting
 22516 | Orc:2    | HP: 1/115 [hell hound/blast of flame[Azrael] (21)]
 22517 | Orc:2    | Annihilated by Azrael

Illustrated notes

Levels and vault maps discovered:
D:1:      matt_arrival_spirals, layout_rooms, basic_ecumenical_altar,
          minmay_pentomino_u4
D:2:      layout_rooms, dk_noncrumbling_2
D:3:      cheibrodos_greedy_goblins, layout_rooms, mainiacjoe_overflow_alcove_4
D:4:      layout_gridville, lemuel_crystal_altar, corexii_hall_statues_l,
          uniq_pikel, uniq_crazy_yiuf_cottage
D:5:      layout_basic, mainiacjoe_overflow_paths, led_xom_imps,
          minmay_temple_entry_trees, ebering_ghost_reflecting_pool, st_stairs_7,
          chequers_serial_rivers_large_b
D:6:      layout_basic
D:7:      gammafunk_beogh_shrine, layout_gridville, serial_glass,
          glass_columns_a, glass_columns_b, roderic_lattice_a
D:8:      layout_loops_ring, vehumet_altar_wand_db, dpeg_oklobed_lair,
          ebering_ghost_rock_garden, uniq_prince_ribbit1, uniq_maurice
D:9:      layout_roguey, tgw_trog, jmf_multi_god_temple2, serial_aquarium,
          aquarium_bridge_square [aquarium_subvault_bridge,
          aquarium_subvault_window, aquarium_subvault_balcony,
          aquarium_subvault_bridge], aquarium_bridge_long_joined
          [aquarium_subvault_wall, aquarium_subvault_bridge,
          aquarium_subvault_bridge, aquarium_subvault_window,
          aquarium_subvault_bridge, aquarium_subvault_balcony],
          aquarium_window_corner, aquarium_window_corner, aquarium_window_fake,
          aquarium_view_2e, aquarium_balcony_double_1, serial_shops, shop
D:10:     layout_rooms, elyvilon_altar_1, zin_statuary,
          makhleb_altar_promises_db
D:11:     layout_loops_ring, zombieorc2_lemuel, enter_trove_0, serial_ice,
          serial_ice_j, serial_ice_e, serial_ice_f, serial_ice_n, minivault_11,
          lemuel_flamethrower_2
Lair:1:   layout_small_grid
Lair:2:   layout_regular_city, shoals_dummy_entry, eino_house_with_fridge
Lair:3:   layout_roguey, lemuel_fruit_fields, infiniplex_staircase_pool
Lair:4:   layout_long_grid, guppyfry_snake_entry_garden, st_stairs_4,
          chequers_serial_rivers_marsh
Lair:5:   layout_regular_city, lemuel_fruit_fields, grunt_megastairs_2,
          lemuel_fruit_fields
Orc:1:    layout_caves, basic_altar, amcnicky_altar_lugonu_corruption
Orc:2:    grunt_orc_tribal_feast, layout_caves, enter_volcano_2, uniq_azrael,
          uniq_erolcha, uniq_sonja

Skill      XL: |  1  2  3  4  5  6  7  8  9 10 11 12 13 |
---------------+----------------------------------------+-----
Invocations    | 3 4 6 7 8 10 | 10.0
Axes           | 3 4 7 9 10 11 | 11.4
Armour         | 2 3 5 7 8 |  8.0
Fighting       | 5 6 9 11 12 | 12.0
Polearms       | 2 6 8 9 |  9.7
Evocations     | 3 |  3.0
Dodging        | 2 |  2.5
Shields        | 2 |  2.4

Action                   |  1- 3 |  4- 6 |  7- 9 | 10-12 | 13-15 || total
-------------------------+-------+-------+-------+-------+-------++-------
Melee: Hand axe          |   115 |   167 |   371 |    53 |       ||   706
       Tailslap          |    14 |    16 |    56 |   136 |    83 ||   305
       Lance             |       |       |       |   764 |   527 ||  1291
       War axe           |       |       |       |    70 |       ||    70
       Broad axe         |       |       |       |       |    18 ||    18
 Fire: Hunting sling     |     3 |     7 |     3 |       |       ||    13
       Fustibalus        |       |       |       |     8 |       ||     8
Throw: Javelin           |       |       |       |       |     4 ||     4
Invok: Depart the Abyss  |     1 |       |       |       |       ||     1
       Banish            |       |     1 |     5 |     2 |     2 ||    10
       Bend Space        |       |       |       |     1 |     1 ||     2
       Brand Weapon With |       |       |       |       |     1 ||     1
 Abil: Rolling Charge    |       |     7 |    13 |     1 |       ||    21
Evoke: Wand              |       |       |     5 |     1 |     2 ||     8
  Use: Scroll            |       |     6 |       |    20 |     1 ||    27
       Potion            |       |       |     3 |     1 |     3 ||     7
 Stab: Invisible         |       |       |     1 |       |     8 ||     9
Armor: Leather armour    |     3 |       |       |       |       ||     3
       Chain mail        |    92 |   183 |   242 |   507 |   233 ||  1257
Dodge: Dodged            |    47 |    38 |    81 |   193 |   110 ||   469
Block: Buckler           |       |       |       |       |    61 ||    61

Table legend: (Time is in decaauts)
 A = Elapsed time spent in this place.
 B = Non-inter-level travel time spent in this place.
 C = Inter-level travel time spent in this place.
 D = Time resting spent in this place.
 E = Time spent auto-exploring this place.
 F = Levels seen in this place.
 G = Mean time per level.
                   A        B        C        D        E       F      G
               +--------+--------+--------+--------+--------+-----+--------+
         Total |  22065 |  21281 |    784 |   4139 |  13825 |  19 | 1161.3 |
       Dungeon |  13762 |  13151 |    611 |   1669 |   9380 |  11 | 1251.1 |
          Lair |   7197 |   7041 |    156 |   1892 |   4097 |   5 | 1439.4 |
  Orcish Mines |   1066 |   1050 |     16 |    578 |    310 |   2 |  533.0 |
         Abyss |     38 |     38 |      0 |      0 |     37 |   1 |   38.0 |
               +--------+--------+--------+--------+--------+-----+--------+

Top non-repeatable levels by time:
  Lair:2: 2391 daAuts
  Lair:4: 2311 daAuts
     D:5: 1691 daAuts
     D:8: 1633 daAuts
     D:7: 1600 daAuts
  Lair:1: 1558 daAuts
     D:9: 1462 daAuts
    D:11: 1449 daAuts
     D:4: 1393 daAuts
     D:3: 1202 daAuts
     D:6: 1005 daAuts
   Orc:1: 978 daAuts
  Lair:3: 913 daAuts
    D:10: 888 daAuts
     D:2: 744 daAuts
